 Dungeon Crawl Stone Soup version 0.20.1-1-g8b1a95d (webtiles) character file.

308 Inchmeat the Spear-Bearer (level 6, -6/47 HPs)
             Began as a Merfolk Monk on Dec 14, 2017.
             Killed by divine providence
             ... invoked by an orc priest
              (17 damage)
             ... on level 4 of the Dungeon on Dec 15, 2017.
             The game lasted 00:07:13 (4304 turns).

Inchmeat the Spear-Bearer (Merfolk Monk)            Turns: 4304, Time: 00:07:14

Health: -6/47      AC:  8    Str: 12    XL:     6   Next: 40%
Magic:  8/8        EV: 12    Int: 11    God:
Gold:   279        SH:  0    Dex: 16    Spells: 5/5 levels left

rFire    . . .     SeeInvis .   a - +0 spear
rCold    . . .     Gourm    .   (no shield)
rNeg     . . .     Faith    .   t - +0 ring mail
rPois    .         Spirit   .   i - +0 helmet
rElec    .         Reflect  .   (no cloak)
rCorr    .         Harm     .   (no gloves)
MR       .....                  u - +1 pair of boots
Stlth    +.........             e - amulet of rage
Regen    0.2/turn               (no ring)
MPRegen  0.2/turn               (no ring)

@: no status effects
A: change form in water, swift swim, stealthy swim
a: Evoke Berserk Rage


You were on level 4 of the Dungeon.
You were not hungry.

You visited 1 branch of the dungeon, and saw 4 of its levels.

You collected 279 gold pieces.

Inventory:

Hand Weapons
 a - a +0 spear (weapon)
Armour
 i - a +0 helmet (worn)
 t - a +0 ring mail (worn)
 u - a +1 pair of boots (worn)
Jewellery
 e - an amulet of rage (around neck)
Scrolls
 f - 2 scrolls of amnesia {unknown}
 g - 3 scrolls of remove curse {unknown}
 j - 2 scrolls of enchant armour {unknown}
 l - 7 scrolls of identify {unknown}
 m - a scroll of fear {unknown}
 x - a scroll of recharging {unknown}
 y - a scroll of blinking {unknown}
Potions
 b - a potion of haste {unknown}
 d - a potion of berserk rage {unknown}
 k - a potion of brilliance {unknown}
 n - a potion of curing {unknown}
 o - 2 potions of flight {unknown}
 p - a potion of might {unknown}
 q - a potion of heal wounds {unknown}
 r - 2 potions of ambrosia {unknown}
 s - a potion of lignification {unknown}
Books
 v - a book of Power

   Spells                             Type                      Level
   a - Iskenderun's Battlesphere      Conjuration/Charms           5
   b - Venom Bolt                     Conjuration/Poison           5
   c - Bolt of Magma                  Conjuration/Fire/Earth       5
   d - Iron Shot                      Conjuration/Earth            6
   e - Orb of Destruction             Conjuration                  7
   f - Spellforged Servitor           Conjuration/Summoning        7
Comestibles
 c - 3 bread rations
 h - 2 meat rations
 w - a royal jelly


   Skills:
 - Level 3.2 Fighting
 * Level 8.1 Polearms
 - Level 4.0 Dodging
 - Level 2.1 Stealth
 * Level 3.9 Evocations


You had 5 spell levels left.
You didn't know any spells.

Dungeon Overview and Level Annotations

Branches:
Dungeon (4/15)
 Temple: D:4-7

Altars:
Qazlal
Vehumet
Xom
Zin
The Shining One

Annotations:
D:2 1 runed door


Message History

Tha orc hits ye but does nay damage.
Ye barely miss tha orc.
Tha orc be almost dead.
Ye completely miss tha orc.
Tha orc be almost dead.
Tha orc hits ye but does nay damage.
Ye hit tha orc.
Ye kill tha orc!
Tha orc barely misses ye.
Tha orc priest mumbles some strange prayers ta Beogh against ye.
Beogh smites ye!
Ye barely miss tha orc.
Tha orc hits ye wit' a flail!
Ye hit tha orc.
Tha orc be severely wounded.
Tha orc priest calls down tha wrath o' Beogh upon ye.
Beogh smites ye!
* * * LOW HITPOINT WARNIN'
* * * Tha orc priest invokes tha aid o' Beogh against ye.
Beogh smites ye!
Ye die...

#. ... #. .. #.
%. ### .#. # ...
....#
####.##.#.##.#
........)....#
#.#..##########
#......o..o@..#
#####.#.#######.#
.. #....# # #.
###..#
##.#####..#
.........>#
###.####..#
#####.####..#####
................#


You could see an orc priest and an orc.

Vanquished Creatures
  A centaur (D:3)
  A bullfrog skeleton (D:4)
  2 orc priests
  2 worker ants (D:4)
  2 adders
  A worm (D:2)
  A dart slug (D:2)
  3 leopard geckos
  8 orcs
  8 bats
  2 giant cockroaches
  9 hobgoblins
  3 jackals (D:1)
  A ball python (D:2)
  A frilled lizard (D:3)
  7 goblins
  8 kobolds
  7 rats
67 creatures vanquished.

Vanquished Creatures (others)
  A hobgoblin (D:2)
1 creature vanquished.

Grand Total: 68 creatures vanquished

Notes
Turn   | Place    | Note
-------+----------+-------------------------------------------
     0 | D:1      | Inchmeat the Merfolk Monk began the quest for the Orb.
     0 | D:1      | Reached XP level 1. HP: 18/18 MP: 1/1
    98 | D:1      | Reached skill level 5 in Polearms
   102 | D:1      | Reached XP level 2. HP: 15/24 MP: 2/2
  1099 | D:2      | Reached XP level 3. HP: 29/29 MP: 3/3
  1146 | D:2      | Found a runed door.
  1218 | D:2      | Reached skill level 6 in Polearms
  1250 | D:2      | Reached skill level 1 in Evocations
  1377 | D:2      | Found a radiant altar of Vehumet.
  1780 | D:2      | Found a faded altar of an unknown god.
  1780 | D:2      | Found a glowing silver altar of Zin.
  1785 | D:2      | Found a faded altar of an unknown god.
  1787 | D:2      | Found a shimmering altar of Xom.
  1788 | D:2      | Found a stormy altar of Qazlal.
  1939 | D:3      | Reached XP level 4. HP: 27/35 MP: 3/5
  2172 | D:3      | Noticed a centaur
  2185 | D:3      | Killed a centaur
  2185 | D:3      | Reached skill level 7 in Polearms
  2185 | D:3      | Reached XP level 5. HP: 17/41 MP: 5/7
  3110 | D:3      | Reached XP level 6. HP: 47/47 MP: 8/8
  3242 | D:3      | Found a glowing golden altar of the Shining One.
  3834 | D:4      | Reached skill level 8 in Polearms
  4304 | D:4      | Killed from afar by an orc priest

Skill      XL: |  1  2  3  4  5  6 |
---------------+-------------------+-----
Polearms       | 5 6 7 8 |  8.1
Evocations     | 2 3 |  3.9
Fighting       | |  3.2
Dodging        | |  4.0
Stealth        | |  2.1

Action                   |  1- 3 |  4- 6 || total
-------------------------+-------+-------++-------
Melee: Spear             |   142 |   183 ||   325
 Stab: Sleeping          |     5 |       ||     5
  Eat: Chunk             |     3 |     4 ||     7
       Meat ration       |       |     1 ||     1
Armor: Robe              |    15 |       ||    15
       Leather armour    |     2 |       ||     2
       Ring mail         |     1 |    68 ||    69
Dodge: Dodged            |    61 |    99 ||   160
